 Dungeon Crawl Stone Soup version 0.31-a0-803-g95b03c3367 (webtiles) character file.

Game seed: 15447116609851155579

158 Perico1 the Trooper (level 5, -4/47 HPs)
             Began as a Hill Orc Fighter on Sept 21, 2023.
             Slain by Blork the orc
             ... wielding a +0 scimitar
              (6 damage)
             ... on level 5 of the Dungeon.
             The game lasted 00:05:03 (594 turns).

Perico1 the Trooper (Hill Orc Fighter)               Turns: 594, Time: 00:05:04

Health: -4/47      AC:  7    Str: 21    XL:     5   Next: 39%
Magic:  5/5        EV:  9    Int:  8    God:
Gold:   59         SH:  4    Dex: 10    Spells: 4/4 levels left

rFire   . . .        a - +0 war axe
rCold   . . .        c - +0 buckler
rNeg    . . .        b - +0 scale mail
rPois   .            (no helmet)
rElec   .            (no cloak)
rCorr   .            (no gloves)
SInv    .            (no boots)
Will    .....        (no amulet) Stlth
                     (no ring)
HPRegen 0.27/turn    (no ring)
MPRegen 0.09/turn

%: no passive effects
@: no status effects
A: no striking features
a: no special abilities


You were on level 5 of the Dungeon.
You visited 1 branch of the dungeon, and saw 5 of its levels.

You collected 59 gold pieces.

Inventory:

Hand Weapons
 a - a +0 war axe (weapon)
Armour
 b - a +0 scale mail (worn)
 c - a +0 buckler (worn)
Scrolls
 e - a scroll of enchant armour {unknown}
Potions
 d - a potion of might


   Skills:
 + Level 4.6 Fighting
 + Level 4.4 Axes
 + Level 4.3 Armour
 + Level 0.5 Dodging
 + Level 4.1 Shields


You had 4 spell levels left.
You didn't know any spells.
Your spell library was empty.

Dungeon Overview and Level Annotations

Branches:
Dungeon (5/15)
 Temple: D:4-7

Altars:

Annotations:
D:2 Sigmund
D:5 Blork the orc


Message History

You hit the orc but do no damage. You hit the orc. The orc closely misses you.
The orc hits you but does no damage. x2
You hit the orc but do no damage. You slash the orc!
You kill the orc!
You barely miss the orc. The orc hits you but does no damage. x3
You hit the orc.
The orc is lightly wounded.
You hit the orc.
You kill the orc!
The orc hits you but does no damage. You block the orc's attack.
You slash the orc!
You kill the orc!
There is a stone staircase leading down, spattered with blood here.
Things that are here:
a +0 war axe; a +0 flail You climb downwards.
You hear the sound of rushing water.
There is an entrance to a sewer on this level.
Hurry and find it before the portal rusts away!
Found 5 stones and a ring mail.
There is a stone staircase leading up here.
Found a stone staircase leading down.
Blork the orc comes into view.
He is wielding a +0 scimitar.
Blork the orc shouts!
A quokka comes into view.
Blork the orc hits you with a +0 scimitar.
* * * LOW HITPOINT WARNING * * *
You hit Blork the orc.
Blork the orc is lightly wounded.
Blork the orc gestures at you while chanting.
The puff of flame hits you!
* * * LOW HITPOINT WARNING * * *
You slash Blork the orc!
Blork the orc is severely wounded.
Blork the orc gestures wildly while chanting.
Blork the orc seems to speed up.
The phantom misses you.
You hit Blork the orc.
Blork the orc is severely wounded.
You hit the phantom but do no damage.
Blork the orc hits you with a +0 scimitar.
You die...

..... ... ..
#...##>...# ..
..####...##...(###..
....................
.......<............
............r.......
....................
...........W........
............@o......
....................
..###############.##
..


You could see Blork the orc (fast), a phantom and a quokka.

Vanquished Creatures
  A scorpion (D:4)
  A jelly (D:4)
  An orc priest (D:4)
  10 orcs (D:4)
  An endoplasm (D:1)
  3 giant cockroaches
  A goblin (D:1)
  2 jackals (D:1)
  A quokka (D:2)
  2 ball pythons
  2 frilled lizards (D:2)
  A kobold (D:1)
26 creatures vanquished.

Notes
Turn   | Place    | Note
-------+----------+-------------------------------------------
     0 | D:1      | Perico1 the Hill Orc Fighter began the quest for the Orb.
     0 | D:1      | Reached XP level 1. HP: 19/19 MP: 1/1
   272 | D:1      | Reached XP level 2. HP: 27/27 MP: 2/2
   311 | D:2      | Noticed Sigmund
   416 | D:4      | Reached XP level 3. HP: 19/33 MP: 3/3
   439 | D:4      | Noticed a scorpion
   448 | D:4      | Killed a scorpion
   449 | D:4      | Reached XP level 4. HP: 19/41 MP: 4/4
   455 | D:4      | Reached XP level 5. HP: 12/47 MP: 5/5
   462 | D:4      | HP: 2/47 [orc/+0 hand axe (4)]
   470 | D:4      | HP: 2/47 [orc/+0 whip (2)]
   582 | D:5      | Entered Level 5 of the Dungeon
   582 | D:5      | Noticed a phantom
   588 | D:5      | Noticed Blork the orc
   592 | D:5      | HP: 1/47 [Blork the orc/puff of flame (12)]
   594 | D:5      | Slain by Blork the orc

Illustrated notes

Levels and vault maps discovered:
D:1:      tekkud_arrival_beachfront_property, layout_basic, serial_shops, shop
D:2:      layout_basic, uniq_sigmund, uniq_robin
D:3:      layout_basic, item_on_display_a, uniq_natasha
D:4:      layout_cave_pools, serial_column_ruins, column_ruins_hut,
          column_ruins_hut, column_ruins_columns_straight,
          column_ruins_open_large, column_ruins_grid_1, column_ruins_open_small,
          column_ruins_open_tiny
D:5:      layout_gridville, mainiacjoe_overflow_alcove_1,
          chequers_temple_overflow_statue_of_worship, vehumet_crystals,
          portal_sewer_entry_e, serial_shops, shop, shop,
          nicolae_shop_competitors_out_of_business, shop_coins,
          uniq_blork_the_orc

Skill      XL: |  1  2  3 |
---------------+----------+-----
Fighting       | 4 |  4.6
Axes           | 3 4 |  4.4
Armour         | 4 |  4.3
Shields        | 4 |  4.1
Dodging        | |  0.5

Action                     |  1- 3 |  4- 6 || total
---------------------------+-------+-------++-------
  Melee: War axe           |    43 |    31 ||    74
    Use: Scroll            |       |     1 ||     1
 Armour: Scale mail        |    44 |    33 ||    77
  Dodge: Dodged            |    26 |    14 ||    40
  Block: Buckler           |    19 |     6 ||    25

Table legend: (Time is in decaauts)
 A = Elapsed time spent in this place.
 B = Non-inter-level travel time spent in this place.
 C = Inter-level travel time spent in this place.
 D = Time resting spent in this place.
 E = Time spent auto-exploring this place.
 F = Levels seen in this place.
 G = Mean time per level.
                   A        B        C        D        E       F      G
               +--------+--------+--------+--------+--------+-----+--------+
         Total |    620 |    620 |      0 |      0 |      0 |   5 |  124.0 |
       Dungeon |    620 |    620 |      0 |      0 |      0 |   5 |  124.0 |
               +--------+--------+--------+--------+--------+-----+--------+

Top non-repeatable levels by time:
     D:1: 281 daAuts
     D:4: 219 daAuts
     D:2: 73 daAuts
     D:3: 34 daAuts
     D:5: 12 daAuts
